Punishers vs Sewer Rats
(R1)
Created - 2 décembre 2016 at 23:15
Goals
|
| Punishers |
2 |
1 |
1 |
4 |
| Sewer Rats |
0 |
2 |
0 |
2 |
|
Shots
|
| Punishers |
13 |
10 |
7 |
30 |
| Sewer Rats |
10 |
16 |
4 |
30 |
|
1st period
1. Punishers , Petteri Nokelainen 1 (Kris Chucko, Mike Sauer) at 4:50 (PP)
2. Punishers , Petteri Nokelainen 2 (Kris Chucko) at 11:04
Penalties :
Mattias Ekholm (Tol) for Roughing (Minor) at 3:40, Vincent Trocheck (Tol) for Hooking (Minor) at 14:31
2nd period
3. Punishers , Kris Chucko 7 (Petteri Nokelainen, Mike Sauer) at 0:55
4. Sewer Rats , Mark Mancari 10 (Ville Leino, Vincent Trocheck) at 5:55 (PP)
5. Sewer Rats , Jonathan Marchessault 5 (Vojtech Polak, Jared Boll) at 10:04 (PP)
Penalties :
Jonathan Marchessault (Tol) for Hooking (Minor) at 0:58, Matt Mackenzie (Pro) for Interference (Minor) at 5:51, Kyle Quincey (Tol) for Hooking (Minor) at 7:00, Quinton Howden (Pro) for Hooking (Minor) at 9:22, Tanner Glass (Pro) for Holding (Minor) at 11:04
3rd period
6. Punishers , Petteri Nokelainen 3 (Kris Chucko) at 19:34
Penalties :
Mattias Ekholm (Tol) for Hooking (Minor) at 1:27, Ryan Murphy (Tol) for Holding Stick (Minor) at 5:28, Michael Ferland (Pro) for Hooking (Minor) at 16:57
Goalie Stats
Niklas Svedberg (Pro), 28 saves from 30 shots - (0,933), W, 2-1-0, 60:00 minutes
Brad Thiessen (Tol), 26 saves from 30 shots - (0,867), L, 3-3-0, 59:33 minutes
Players Stats for Punishers
Player Name G A P +/- PIM S H SB GA TA FO MP PP MP PK MP
------------------------------------------------------------------------------------
Adam McQuaid 0 0 0 2 0 1 0 1 1 2 0/0 25:57 6:18 1:28
Brandon McMillan 0 0 0 0 0 1 1 2 0 0 2/6 8:52 0:00 0:00
Dylan DeMelo 0 0 0 1 0 0 0 1 0 0 0/0 14:55 0:28 0:59
Frazer Mclaren 0 0 0 0 0 2 2 0 0 0 0/0 6:31 0:00 0:00
Kris Chucko 1 3 4 3 0 3 0 1 1 2 3/7 26:54 5:56 2:24
Luke Adam 0 0 0 0 0 2 3 0 1 0 4/14 17:36 4:35 0:00
Matt Mackenzie 0 0 0 0 2 2 0 1 0 1 0/0 24:14 4:20 1:57
Michael Ferland 0 0 0 0 2 0 0 0 0 0 0/0 2:08 0:00 0:55
Miikka Salomaki 0 0 0 0 0 1 4 0 0 1 0/1 18:10 4:41 0:20
Mike Blunden 0 0 0 3 0 2 1 1 2 1 1/2 20:48 5:42 0:08
Mike Sauer 0 2 2 3 0 0 1 4 0 1 0/0 27:51 6:40 1:56
Ondrej Palat 0 0 0 0 0 2 2 0 0 0 0/0 11:54 0:24 1:57
Petteri Nokelainen 3 1 4 3 0 6 5 0 2 0 14/26 20:59 5:45 0:28
Philippe Paradis 0 0 0 0 0 0 0 0 0 0 0/0 4:25 0:45 1:32
Quinton Howden 0 0 0 0 2 1 1 0 0 0 0/1 7:29 0:00 0:27
Radek Smolenak 0 0 0 0 0 1 0 0 0 0 0/0 8:35 0:41 0:39
Simon Despres 0 0 0 0 0 1 3 0 0 0 0/0 25:18 4:25 2:28
Tanner Glass 0 0 0 0 2 5 5 0 1 0 0/0 22:36 4:45 1:18
Players Stats for Sewer Rats
Player Name G A P +/- PIM S H SB GA TA FO MP PP MP PK MP
------------------------------------------------------------------------------------
Daniel Carr 0 0 0 -1 0 0 0 0 2 1 0/0 10:33 0:09 1:39
Derek Dorsett 0 0 0 0 0 4 0 0 0 0 0/0 9:17 0:00 0:00
Dmitrij Jaskin 0 0 0 0 0 1 1 0 0 0 0/0 7:55 0:00 0:00
Evan Brophey 0 0 0 0 0 1 1 1 1 0 3/5 7:55 0:00 0:00
Jared Boll 0 1 1 -2 0 2 2 0 0 1 2/3 19:29 2:01 3:44
Jarred Tinordi 0 0 0 0 0 0 0 0 0 0 0/0 12:43 0:00 1:26
Joel Edmundson 0 0 0 0 0 0 0 1 0 0 0/0 8:35 0:00 0:47
John Lammers 0 0 0 0 0 0 0 0 0 0 0/0 0:00 0:00 0:00
John Ramage 0 0 0 0 0 1 0 0 0 0 0/0 6:06 0:00 0:00
Jonathan Marchessault 1 0 1 0 2 4 2 0 1 0 5/10 13:12 2:10 0:00
Josh Archibald 0 0 0 0 0 0 0 0 0 0 0/0 0:00 0:00 0:00
Kyle Quincey 0 0 0 0 2 2 1 0 1 2 0/0 17:45 1:20 3:14
Mark Mancari 1 0 1 0 0 1 3 1 0 0 0/1 19:54 2:34 4:55
Matt Lashoff 0 0 0 -3 0 4 0 1 0 2 0/0 27:37 3:24 6:25
Mattias Ekholm 0 0 0 -2 4 0 0 0 1 1 0/0 23:15 1:20 3:07
Nick Cousins 0 0 0 0 0 0 0 0 0 0 0/0 0:00 0:00 0:00
Patrick Bordeleau 0 0 0 0 0 1 2 0 0 0 0/0 9:17 0:00 0:00
Ryan Murphy 0 0 0 0 2 0 0 0 0 0 0/0 6:53 0:00 0:00
Steven Kampfer 0 0 0 -1 0 0 2 1 0 1 0/0 18:30 3:24 7:11
Tom Sestito 0 0 0 -1 0 0 0 0 0 0 0/2 0:55 0:18 0:00
Ville Leino 0 1 1 -2 0 7 2 0 2 0 3/7 22:47 2:25 5:11
Vincent Trocheck 0 1 1 -2 2 0 1 1 0 0 10/19 16:59 2:25 0:34
Vojtech Polak 0 1 1 0 0 1 2 0 0 0 0/0 16:52 2:10 3:44
William Karlsson 0 0 0 -1 0 1 1 1 0 0 10/10 12:20 0:00 2:23
3 Stars
1 - Petteri Nokelainen (Pro)
2 - Kris Chucko (Pro)
3 - Mike Sauer (Pro)
Power Play
Punishers - 1 on 6 Attempt(s) - 16,67%
Sewer Rats - 2 on 4 Attempt(s) - 50,00%
Penalty Kill
Punishers - 2 on 4 Attempt(s) - 50,00%
- Score 0 goal in Penalty Kill
Sewer Rats - 5 on 6 Attempt(s) - 83,33%
- Score 0 goal in Penalty Kill
Team Stat
Punishers - Hits : 28 - Faceoff Wins : 24 - Blocked Shots : 11 - Penalty Minutes : 8
Sewer Rats - Hits : 20 - Faceoff Wins : 33 - Blocked Shots : 7 - Penalty Minutes : 12
Official
Referees : McCreary Bill and Walkom Stephen
Linesman : Brad Lazarowich and Brian Murphy
Game Notes
John Ramage is injured at 9:18 of 3rd period (Torn Left ACL)
Adam McQuaid is injured at 10:52 of 3rd period (Strained Left Knee)
Petteri Nokelainen has scored a Hat Trick!
Finance
Level 1 -- Attendance: 1557 (77,85%) -- Ticket Income 46 710 $
Level 2 -- Attendance: 725 (72,50%) -- Ticket Income 8 700 $
Total Attendance: 2282 (76,07%)
Total Ticket Income: 55 410 $
Other Income: 2 770 $
Total Income: 58 180 $
Punishers
5 vs 5 Forward
Center Left Wing Right Wing Time % Phy DF OF
1 Petteri Nokelainen Kris Chucko Mike Blunden 40 1 2 2
2 Luke Adam Tanner Glass Miikka Salomaki 30 1 2 2
3 Brandon McMillan Ondrej Palat Kris Chucko 20 1 2 2
4 Quinton Howden Frazer Mclaren Tanner Glass 10 1 2 2
5 vs 5 Defense
Defense Defense Time % Phy DF OF
1 Adam McQuaid Mike Sauer 40 1 2 2
2 Simon Despres Matt Mackenzie 30 1 2 2
3 Dylan DeMelo Adam McQuaid 20 1 2 2
4 Mike Sauer Simon Despres 10 1 2 2
PowerPlay Forward
Center Left Wing Right Wing Time % Phy DF OF
1 Petteri Nokelainen Kris Chucko Mike Blunden 60 1 2 2
2 Luke Adam Tanner Glass Miikka Salomaki 40 1 2 2
PowerPlay Defense
Defense Defense Time % Phy DF OF
1 Adam McQuaid Mike Sauer 60 1 2 2
2 Simon Despres Matt Mackenzie 40 1 2 2
Penalty Kill 4 Players Forward
Center Wing Time % Phy DF OF
1 Kris Chucko Tanner Glass 60 1 2 2
2 Petteri Nokelainen Ondrej Palat 40 1 2 2
Penalty Kill 4 Players Defense
Defense Defense Time % Phy DF OF
1 Adam McQuaid Mike Sauer 60 1 2 2
2 Simon Despres Matt Mackenzie 40 1 2 2
Penalty Kill - 3 Players Forward
Forward Time % Phy DF OF
1 Kris Chucko 60 1 2 2
2 Tanner Glass 40 1 2 2
Penalty Kill - 3 Players Defense
Defense Defense Time % Phy DF OF
1 Adam McQuaid Mike Sauer 60 1 2 2
2 Simon Despres Matt Mackenzie 40 1 2 2
4 vs 4 Forward
Center Wing Time % Phy DF OF
1 Kris Chucko Tanner Glass 60 1 2 2
2 Petteri Nokelainen Ondrej Palat 40 1 2 2
4 vs 4 Defense
Defense Defense Time % Phy DF OF
1 Adam McQuaid Mike Sauer 60 1 2 2
2 Simon Despres Matt Mackenzie 40 1 2 2
Last Minutes Offensive
Center Left Wing Right Wing Defense Defense
Petteri Nokelainen Kris Chucko Mike Blunden Adam McQuaid Mike Sauer
Last Minutes Defensive
Center Left Wing Right Wing Defense Defense
Petteri Nokelainen Kris Chucko Mike Blunden Adam McQuaid Mike Sauer
Goaltenders
Starting : Niklas Svedberg
Backup : Kevin Poulin
Extra Forwards
Normal : Radek Smolenak, Philippe Paradis, Michael Ferland - PP : Radek Smolenak, Philippe Paradis - PK : Michael Ferland
Extra Defensemen
Normal : Dylan DeMelo, Matt Mackenzie, Adam McQuaid - PP : Dylan DeMelo - PK : Matt Mackenzie, Adam McQuaid
Penalty Shots
Kris Chucko, Tanner Glass, Petteri Nokelainen, Ondrej Palat, Frazer Mclaren
Sewer Rats
5 vs 5 Forward
Center Left Wing Right Wing Time % Phy DF OF
1 Vincent Trocheck Ville Leino Jared Boll 40 1 2 2
2 Jonathan Marchessault Vojtech Polak Mark Mancari 30 1 2 2
3 William Karlsson Patrick Bordeleau Derek Dorsett 20 1 2 2
4 Evan Brophey Daniel Carr Dmitrij Jaskin 10 1 2 2
5 vs 5 Defense
Defense Defense Time % Phy DF OF
1 Mattias Ekholm Matt Lashoff 40 1 2 2
2 Jarred Tinordi Kyle Quincey 30 1 2 2
3 Steven Kampfer John Ramage 20 1 2 2
4 Joel Edmundson Ryan Murphy 10 1 2 2
PowerPlay Forward
Center Left Wing Right Wing Time % Phy DF OF
1 Vincent Trocheck Ville Leino Mark Mancari 60 1 2 2
2 Jonathan Marchessault Vojtech Polak Jared Boll 40 1 2 2
PowerPlay Defense
Defense Defense Time % Phy DF OF
1 Steven Kampfer Matt Lashoff 60 1 2 2
2 Mattias Ekholm Kyle Quincey 40 1 2 2
Penalty Kill 4 Players Forward
Center Wing Time % Phy DF OF
1 Ville Leino Mark Mancari 60 1 2 2
2 Jared Boll Vojtech Polak 40 1 2 2
Penalty Kill 4 Players Defense
Defense Defense Time % Phy DF OF
1 Steven Kampfer Matt Lashoff 60 1 2 2
2 Mattias Ekholm Kyle Quincey 40 1 2 2
Penalty Kill - 3 Players Forward
Forward Time % Phy DF OF
1 Ville Leino 60 1 2 2
2 Mark Mancari 40 1 2 2
Penalty Kill - 3 Players Defense
Defense Defense Time % Phy DF OF
1 Steven Kampfer Matt Lashoff 60 1 2 2
2 Mattias Ekholm Kyle Quincey 40 1 2 2
4 vs 4 Forward
Center Wing Time % Phy DF OF
1 Ville Leino William Karlsson 60 1 2 2
2 Jared Boll Vojtech Polak 40 1 2 2
4 vs 4 Defense
Defense Defense Time % Phy DF OF
1 Steven Kampfer Matt Lashoff 60 1 2 2
2 Mattias Ekholm Kyle Quincey 40 1 2 2
Last Minutes Offensive
Center Left Wing Right Wing Defense Defense
Vincent Trocheck Ville Leino Mark Mancari Steven Kampfer Matt Lashoff
Last Minutes Defensive
Center Left Wing Right Wing Defense Defense
William Karlsson Ville Leino Jared Boll Mattias Ekholm Matt Lashoff
Goaltenders
Starting : Brad Thiessen
Backup : Richard Bachman
Extra Forwards
Normal : Tom Sestito, Daniel Carr, William Karlsson - PP : Tom Sestito, Daniel Carr - PK : William Karlsson
Extra Defensemen
Normal : Ryan Murphy, Steven Kampfer, Jarred Tinordi - PP : Ryan Murphy - PK : Steven Kampfer, Jarred Tinordi
Penalty Shots
Ville Leino, Mark Mancari, Jared Boll, Vojtech Polak, Derek Dorsett
% Time on Ice - Punishers
Lines # - Real PCT - Wanted PCT - Time Play
Normal Forward
1 - 34% - 40% - 14:52
2 - 31% - 30% - 13:30
3 - 20% - 20% - 8:52
4 - 15% - 10% - 6:31
Normal Defense
1 - 38% - 40% - 16:33
2 - 36% - 30% - 15:36
3 - 22% - 20% - 9:38
4 - 4% - 10% - 1:58
PP Forward
1 - 57% - 60% - 6:20
2 - 43% - 40% - 4:45
PP Defense
1 - 60% - 60% - 6:40
2 - 40% - 40% - 4:25
PK Forward
1 - 90% - 60% - 4:16
2 - 10% - 40% - 0:28
PK Defense
1 - 73% - 60% - 3:27
2 - 27% - 40% - 1:17
PK3 Forward
1 - 0% - 60%
2 - 0% - 40%
PK3 Defense
1 - 0% - 60%
2 - 0% - 40%
44 Forward
1 - 0% - 60%
2 - 0% - 40%
44 Defense
1 - 0% - 60%
2 - 0% - 40%
Last Minute Offensive - 0:00
Last Minute Defensive - 0:26
Total
Forward - 60:00
Defense - 60:00
|
% Time on Ice - Sewer Rats
Lines # - Real PCT - Wanted PCT - Time Play
Normal Forward
1 - 35% - 40% - 15:24
2 - 25% - 30% - 10:58
3 - 21% - 20% - 9:17
4 - 18% - 10% - 7:55
Normal Defense
1 - 39% - 40% - 17:11
2 - 30% - 30% - 12:52
3 - 18% - 20% - 7:50
4 - 13% - 10% - 5:41
PP Forward
1 - 54% - 60% - 2:34
2 - 46% - 40% - 2:10
PP Defense
1 - 72% - 60% - 3:24
2 - 28% - 40% - 1:20
PK Forward
1 - 66% - 60% - 7:21
2 - 34% - 40% - 3:44
PK Defense
1 - 65% - 60% - 7:11
2 - 35% - 40% - 3:54
PK3 Forward
1 - 0% - 60%
2 - 0% - 40%
PK3 Defense
1 - 0% - 60%
2 - 0% - 40%
44 Forward
1 - 0% - 60%
2 - 0% - 40%
44 Defense
1 - 0% - 60%
2 - 0% - 40%
Last Minute Offensive - 0:37
Last Minute Defensive - 0:00
Total
Forward - 60:00
Defense - 60:00
|
Play by Play
1st period
0:01 of 1st period - Vincent Trocheck wins face-off versus Petteri Nokelainen in neutral zone.
0:26 of 1st period - Matt Lashoff is hit by Tanner Glass and loses puck.
1:05 of 1st period - Snap shot by Ondrej Palat.
1:05 of 1st period - Stopped by Brad Thiessen without a rebound.
1:06 of 1st period - William Karlsson wins face-off versus Brandon McMillan in Sewer Rats zone.
1:06 of 1st period - William Karlsson is hit by Ondrej Palat.
1:18 of 1st period - Slapshot by Kris Chucko.
1:18 of 1st period - Stopped by Brad Thiessen with a rebound.
1:32 of 1st period - Adam McQuaid is hit by Kyle Quincey and loses puck.
1:52 of 1st period - Kris Chucko is hit by Vincent Trocheck and loses puck.
2:11 of 1st period - Wrist shot by Frazer Mclaren.
2:11 of 1st period - Stopped by Brad Thiessen without a rebound.
2:12 of 1st period - William Karlsson wins face-off versus Quinton Howden in Sewer Rats zone.
2:12 of 1st period - William Karlsson is hit by Simon Despres.
2:24 of 1st period - Wrist shot by Patrick Bordeleau.
2:24 of 1st period - Stopped by Niklas Svedberg without a rebound.
2:25 of 1st period - Petteri Nokelainen wins face-off versus Vincent Trocheck in Punishers zone.
2:55 of 1st period - Off-side.
2:56 of 1st period - Luke Adam wins face-off versus Jonathan Marchessault in neutral zone.
3:09 of 1st period - Wrist shot by Mark Mancari.
3:09 of 1st period - Shot Misses the Net.
3:40 of 1st period - Minor Penalty to Mattias Ekholm for Roughing.
3:41 of 1st period - Ville Leino wins face-off versus Petteri Nokelainen in Sewer Rats zone.
4:28 of 1st period - Wrist shot by Kris Chucko.
4:28 of 1st period - Stopped by Brad Thiessen with a rebound.
4:30 of 1st period - Slapshot by Adam McQuaid.
4:30 of 1st period - Stopped by Brad Thiessen with a rebound.
4:32 of 1st period - Slapshot by Adam McQuaid.
4:32 of 1st period - Shot Blocked by Steven Kampfer.
4:50 of 1st period - Backhand shot by Petteri Nokelainen.
4:50 of 1st period - Goal by Petteri Nokelainen - Punishers : 1 - Sewer Rats : 0.
4:51 of 1st period - William Karlsson wins face-off versus Miikka Salomaki in neutral zone.
4:58 of 1st period - Snap shot by Derek Dorsett.
4:58 of 1st period - Stopped by Niklas Svedberg without a rebound.
4:59 of 1st period - William Karlsson wins face-off versus Luke Adam in Punishers zone.
5:57 of 1st period - Snap shot by Ondrej Palat.
5:57 of 1st period - Stopped by Brad Thiessen with a rebound.
7:00 of 1st period - John Ramage is hit by Petteri Nokelainen and loses puck.
7:26 of 1st period - Slapshot by Kyle Quincey.
7:26 of 1st period - Deflect By Mark Mancari.
7:26 of 1st period - Shot Misses the Net.
7:26 of 1st period - Puck is out of play.
7:27 of 1st period - Luke Adam wins face-off versus Jonathan Marchessault in Punishers zone.
7:27 of 1st period - Luke Adam is hit by Steven Kampfer.
7:43 of 1st period - Miikka Salomaki is hit by Mark Mancari and loses puck.
8:55 of 1st period - Slapshot by Ville Leino.
8:55 of 1st period - Stopped by Niklas Svedberg with a rebound.
9:22 of 1st period - Snap shot by Mark Mancari.
9:22 of 1st period - Shot Blocked by Mike Sauer.
9:34 of 1st period - Kris Chucko is hit by Patrick Bordeleau and loses puck.
9:55 of 1st period - Wrist shot by Ville Leino.
9:55 of 1st period - Stopped by Niklas Svedberg with a rebound.
9:57 of 1st period - Wrist shot by Ville Leino.
9:57 of 1st period - Shot Blocked by Brandon McMillan.
10:11 of 1st period - Wrist shot by Luke Adam.
10:11 of 1st period - Stopped by Brad Thiessen with a rebound.
10:14 of 1st period - Icing by Steven Kampfer.
10:15 of 1st period - Evan Brophey wins face-off versus Luke Adam in Sewer Rats zone.
10:20 of 1st period - Steven Kampfer is hit by Miikka Salomaki and loses puck.
10:24 of 1st period - Icing by Daniel Carr.
10:25 of 1st period - Kris Chucko wins face-off versus Evan Brophey in Sewer Rats zone.
10:28 of 1st period - Snap shot by Kris Chucko.
10:28 of 1st period - Shot Misses the Net.
10:34 of 1st period - Snap shot by Petteri Nokelainen.
10:34 of 1st period - Stopped by Brad Thiessen with a rebound.
10:52 of 1st period - Snap shot by Ville Leino.
10:52 of 1st period - Shot Misses the Net.
10:54 of 1st period - Slapshot by Ryan Murphy.
10:54 of 1st period - Deflect By Ville Leino.
10:54 of 1st period - Deflect By Tanner Glass.
10:54 of 1st period - Stopped by Niklas Svedberg without a rebound.
10:55 of 1st period - Petteri Nokelainen wins face-off versus Ville Leino in Punishers zone.
11:04 of 1st period - Wrist shot by Petteri Nokelainen.
11:04 of 1st period - Goal by Petteri Nokelainen - Punishers : 2 - Sewer Rats : 0.
11:05 of 1st period - Petteri Nokelainen wins face-off versus Vincent Trocheck in neutral zone.
11:17 of 1st period - Ville Leino is hit by Mike Blunden.
11:54 of 1st period - Snap shot by Derek Dorsett.
11:54 of 1st period - Shot Misses the Net.
11:56 of 1st period - Slapshot by John Ramage.
11:56 of 1st period - Stopped by Niklas Svedberg with a rebound.
12:29 of 1st period - Snap shot by Petteri Nokelainen.
12:29 of 1st period - Stopped by Brad Thiessen with a rebound.
13:02 of 1st period - Snap shot by Brandon McMillan.
13:02 of 1st period - Stopped by Brad Thiessen without a rebound.
13:03 of 1st period - William Karlsson wins face-off versus Luke Adam in Sewer Rats zone.
13:08 of 1st period - Slapshot by Matt Lashoff.
13:08 of 1st period - Stopped by Niklas Svedberg with a rebound.
13:26 of 1st period - Snap shot by Derek Dorsett.
13:26 of 1st period - Shot Misses the Net.
13:28 of 1st period - Wrist shot by Vincent Trocheck.
13:28 of 1st period - Shot Misses the Net.
13:50 of 1st period - Slapshot by Quinton Howden.
13:50 of 1st period - Stopped by Brad Thiessen with a rebound.
14:08 of 1st period - Snap shot by Derek Dorsett.
14:08 of 1st period - Shot Misses the Net.
14:10 of 1st period - Snap shot by William Karlsson.
14:10 of 1st period - Shot Misses the Net.
14:12 of 1st period - Wrist shot by William Karlsson.
14:12 of 1st period - Shot Blocked by Kris Chucko.
14:14 of 1st period - Snap shot by Patrick Bordeleau.
14:14 of 1st period - Shot Misses the Net.
14:16 of 1st period - Slapshot by Matt Lashoff.
14:16 of 1st period - Stopped by Niklas Svedberg without a rebound.
14:17 of 1st period - Luke Adam wins face-off versus Vincent Trocheck in Punishers zone.
14:17 of 1st period - Luke Adam is hit by Ville Leino.
14:31 of 1st period - Minor Penalty to Vincent Trocheck for Hooking.
14:32 of 1st period - Ville Leino wins face-off versus Petteri Nokelainen in Sewer Rats zone.
15:40 of 1st period - Mike Sauer is hit by Vojtech Polak and loses puck.
16:31 of 1st period - Penalty to Vincent Trocheck is over, Vincent Trocheck is back on ice.
17:08 of 1st period - Slapshot by Daniel Carr.
17:08 of 1st period - Shot Misses the Net.
17:14 of 1st period - Joel Edmundson is hit by Frazer Mclaren and loses puck.
17:27 of 1st period - Slapshot by Ville Leino.
17:27 of 1st period - Stopped by Niklas Svedberg with a rebound.
17:35 of 1st period - Vincent Trocheck is hit by Brandon McMillan and loses puck.
19:00 of 1st period - Matt Mackenzie is hit by Dmitrij Jaskin and loses puck.
19:13 of 1st period - Ville Leino is hit by Miikka Salomaki and loses puck.
19:24 of 1st period - Mike Sauer is hit by Mark Mancari and loses puck.
19:48 of 1st period - Slapshot by Kyle Quincey.
19:48 of 1st period - Stopped by Niklas Svedberg without a rebound.
19:49 of 1st period - Evan Brophey wins face-off versus Luke Adam in Punishers zone.
Goals for this period are 2 for Punishers vs 0 for Sewer Rats.
Shots for this period are 13 for Punishers vs 10 for Sewer Rats.
2nd period
0:01 of 2nd period - Petteri Nokelainen wins face-off versus Vincent Trocheck in neutral zone.
0:10 of 2nd period - Slapshot by Ville Leino.
0:10 of 2nd period - Stopped by Niklas Svedberg with a rebound.
0:12 of 2nd period - Snap shot by Ville Leino.
0:12 of 2nd period - Stopped by Niklas Svedberg without a rebound.
0:13 of 2nd period - Petteri Nokelainen wins face-off versus Vincent Trocheck in Punishers zone.
0:20 of 2nd period - Off-side.
0:21 of 2nd period - Vincent Trocheck wins face-off versus Petteri Nokelainen in neutral zone.
0:31 of 2nd period - Icing by Mike Sauer.
0:32 of 2nd period - Vincent Trocheck wins face-off versus Mike Blunden in Punishers zone.
0:33 of 2nd period - Slapshot by Ville Leino.
0:33 of 2nd period - Shot Hit the Post.
0:51 of 2nd period - Snap shot by Petteri Nokelainen.
0:51 of 2nd period - Shot Misses the Net.
0:53 of 2nd period - Wrist shot by Mike Sauer.
0:53 of 2nd period - Shot Misses the Net.
0:55 of 2nd period - Snap shot by Petteri Nokelainen.
0:55 of 2nd period - Deflect By Kris Chucko.
0:55 of 2nd period - Goal by Kris Chucko - Punishers : 3 - Sewer Rats : 0.
0:56 of 2nd period - Jonathan Marchessault wins face-off versus Petteri Nokelainen in neutral zone.
0:58 of 2nd period - Minor Penalty to Jonathan Marchessault for Hooking.
0:59 of 2nd period - Petteri Nokelainen wins face-off versus Ville Leino in Sewer Rats zone.
1:28 of 2nd period - Matt Lashoff is hit by Luke Adam and loses puck.
1:39 of 2nd period - Wrist shot by Tanner Glass.
1:39 of 2nd period - Stopped by Brad Thiessen without a rebound.
1:40 of 2nd period - Petteri Nokelainen wins face-off versus Ville Leino in Sewer Rats zone.
2:43 of 2nd period - Mark Mancari is hit by Tanner Glass and loses puck.
2:58 of 2nd period - Penalty to Jonathan Marchessault is over, Jonathan Marchessault is back on ice.
3:08 of 2nd period - Wrist shot by William Karlsson.
3:08 of 2nd period - Stopped by Niklas Svedberg with a rebound.
3:10 of 2nd period - Wrist shot by Joel Edmundson.
3:10 of 2nd period - Deflect By Derek Dorsett.
3:10 of 2nd period - Stopped by Niklas Svedberg without a rebound.
3:11 of 2nd period - William Karlsson wins face-off versus Brandon McMillan in Punishers zone.
3:12 of 2nd period - Slapshot by Derek Dorsett.
3:12 of 2nd period - Shot Blocked by Brandon McMillan.
3:31 of 2nd period - Jarred Tinordi is hit by Frazer Mclaren and loses puck.
3:36 of 2nd period - Snap shot by Tanner Glass.
3:36 of 2nd period - Shot Hit the Post.
3:57 of 2nd period - Ville Leino is hit by Tanner Glass and loses puck.
4:22 of 2nd period - Petteri Nokelainen is hit by Patrick Bordeleau and loses puck.
4:50 of 2nd period - Snap shot by Daniel Carr.
4:50 of 2nd period - Deflect By Evan Brophey.
4:50 of 2nd period - Stopped by Niklas Svedberg without a rebound.
4:51 of 2nd period - Brandon McMillan wins face-off versus Evan Brophey in Punishers zone.
5:08 of 2nd period - Icing by Dmitrij Jaskin.
5:09 of 2nd period - Evan Brophey wins face-off versus Luke Adam in Sewer Rats zone.
5:16 of 2nd period - Snap shot by Ville Leino.
5:16 of 2nd period - Stopped by Niklas Svedberg with a rebound.
5:18 of 2nd period - Snap shot by Ville Leino.
5:18 of 2nd period - Shot Blocked by Matt Mackenzie.
5:51 of 2nd period - Minor Penalty to Matt Mackenzie for Interference.
5:52 of 2nd period - Vincent Trocheck wins face-off versus Kris Chucko in Punishers zone.
5:55 of 2nd period - Slapshot by Mark Mancari.
5:55 of 2nd period - Goal by Mark Mancari - Punishers : 3 - Sewer Rats : 1.
5:56 of 2nd period - Petteri Nokelainen wins face-off versus Vincent Trocheck in neutral zone.
6:01 of 2nd period - Matt Lashoff is hit by Petteri Nokelainen and loses puck.
6:42 of 2nd period - Slapshot by Derek Dorsett.
6:42 of 2nd period - Stopped by Niklas Svedberg without a rebound.
6:43 of 2nd period - William Karlsson wins face-off versus Brandon McMillan in Punishers zone.
6:46 of 2nd period - Slapshot by Kyle Quincey.
6:46 of 2nd period - Deflect By Kris Chucko.
6:46 of 2nd period - Stopped by Niklas Svedberg without a rebound.
6:47 of 2nd period - Brandon McMillan wins face-off versus Ville Leino in Punishers zone.
6:58 of 2nd period - Snap shot by Ondrej Palat.
6:58 of 2nd period - Shot Misses the Net.
7:00 of 2nd period - Minor Penalty to Kyle Quincey for Hooking.
7:01 of 2nd period - Ville Leino wins face-off versus Petteri Nokelainen in Sewer Rats zone.
7:16 of 2nd period - Wrist shot by Petteri Nokelainen.
7:16 of 2nd period - Shot Blocked by Matt Lashoff.
7:26 of 2nd period - Steven Kampfer is hit by Luke Adam and loses puck.
7:51 of 2nd period - Wrist shot by Vojtech Polak.
7:51 of 2nd period - Stopped by Niklas Svedberg without a rebound.
7:52 of 2nd period - Jared Boll wins face-off versus Luke Adam in Punishers zone.
7:53 of 2nd period - Wrist shot by Vojtech Polak.
7:53 of 2nd period - Shot Misses the Net.
8:05 of 2nd period - Snap shot by Jared Boll.
8:05 of 2nd period - Stopped by Niklas Svedberg with a rebound.
9:00 of 2nd period - Penalty to Kyle Quincey is over, Kyle Quincey is back on ice.
9:09 of 2nd period - Snap shot by Kris Chucko.
9:09 of 2nd period - Shot Misses the Net.
9:22 of 2nd period - Minor Penalty to Quinton Howden for Hooking.
9:23 of 2nd period - Vincent Trocheck wins face-off versus Kris Chucko in Punishers zone.
10:04 of 2nd period - Snap shot by Jonathan Marchessault.
10:04 of 2nd period - Goal by Jonathan Marchessault - Punishers : 3 - Sewer Rats : 2.
10:05 of 2nd period - Vincent Trocheck wins face-off versus Kris Chucko in neutral zone.
10:41 of 2nd period - Slapshot by Simon Despres.
10:41 of 2nd period - Deflect By Ville Leino.
10:41 of 2nd period - Stopped by Brad Thiessen with a rebound.
10:57 of 2nd period - Slapshot by Jared Boll.
10:57 of 2nd period - Stopped by Niklas Svedberg without a rebound.
10:58 of 2nd period - Jonathan Marchessault wins face-off versus Luke Adam in Punishers zone.
11:04 of 2nd period - Minor Penalty to Tanner Glass for Holding.
11:05 of 2nd period - Vincent Trocheck wins face-off versus Kris Chucko in Punishers zone.
11:51 of 2nd period - Slapshot by Ondrej Palat.
11:51 of 2nd period - Shot Misses the Net.
12:45 of 2nd period - Slapshot by Matt Lashoff.
12:45 of 2nd period - Stopped by Niklas Svedberg with a rebound.
13:04 of 2nd period - Penalty to Tanner Glass is over, Tanner Glass is back on ice.
13:23 of 2nd period - Slapshot by Dmitrij Jaskin.
13:23 of 2nd period - Stopped by Niklas Svedberg without a rebound.
13:24 of 2nd period - William Karlsson wins face-off versus Luke Adam in Punishers zone.
13:25 of 2nd period - Slapshot by Derek Dorsett.
13:25 of 2nd period - Shot Misses the Net.
14:25 of 2nd period - Adam McQuaid is hit by Mark Mancari and loses puck.
14:40 of 2nd period - Jared Boll is hit by Tanner Glass and loses puck.
14:51 of 2nd period - Miikka Salomaki is hit by Jared Boll and loses puck.
15:16 of 2nd period - Snap shot by Luke Adam.
15:16 of 2nd period - Stopped by Brad Thiessen with a rebound.
16:13 of 2nd period - Evan Brophey is hit by Mike Sauer and loses puck.
16:20 of 2nd period - Snap shot by Mike Blunden.
16:20 of 2nd period - Shot Misses the Net.
16:22 of 2nd period - Slapshot by Petteri Nokelainen.
16:22 of 2nd period - Stopped by Brad Thiessen without a rebound.
16:23 of 2nd period - Jonathan Marchessault wins face-off versus Petteri Nokelainen in Sewer Rats zone.
16:36 of 2nd period - Vojtech Polak is hit by Petteri Nokelainen and loses puck.
16:47 of 2nd period - Kris Chucko is hit by Jared Boll and loses puck.
17:12 of 2nd period - Dmitrij Jaskin is hit by Miikka Salomaki and loses puck.
17:18 of 2nd period - Off-side.
17:19 of 2nd period - Petteri Nokelainen wins face-off versus Vincent Trocheck in neutral zone.
17:24 of 2nd period - Snap shot by Mike Blunden.
17:24 of 2nd period - Shot Misses the Net.
17:30 of 2nd period - Ville Leino is hit by Petteri Nokelainen and loses puck.
18:32 of 2nd period - Snap shot by Luke Adam.
18:32 of 2nd period - Shot Misses the Net.
18:34 of 2nd period - Slapshot by Miikka Salomaki.
18:34 of 2nd period - Stopped by Brad Thiessen with a rebound.
18:36 of 2nd period - Wrist shot by Tanner Glass.
18:36 of 2nd period - Stopped by Brad Thiessen with a rebound.
18:38 of 2nd period - Slapshot by Tanner Glass.
18:38 of 2nd period - Stopped by Brad Thiessen with a rebound.
18:48 of 2nd period - Snap shot by Luke Adam.
18:48 of 2nd period - Shot Misses the Net.
18:50 of 2nd period - Snap shot by Tanner Glass.
18:50 of 2nd period - Shot Misses the Net.
18:54 of 2nd period - Wrist shot by Tanner Glass.
18:54 of 2nd period - Stopped by Brad Thiessen with a rebound.
18:56 of 2nd period - Snap shot by Miikka Salomaki.
18:56 of 2nd period - Shot Blocked by Evan Brophey.
18:58 of 2nd period - Wrist shot by Tanner Glass.
18:58 of 2nd period - Shot Misses the Net.
19:00 of 2nd period - Slapshot by Matt Mackenzie.
19:00 of 2nd period - Deflect By Mattias Ekholm.
19:00 of 2nd period - Stopped by Brad Thiessen without a rebound.
19:01 of 2nd period - Vincent Trocheck wins face-off versus Petteri Nokelainen in Sewer Rats zone.
19:33 of 2nd period - Slapshot by Mark Mancari.
19:33 of 2nd period - Deflect By Jonathan Marchessault.
19:33 of 2nd period - Stopped by Niklas Svedberg with a rebound.
19:35 of 2nd period - Snap shot by Jonathan Marchessault.
19:35 of 2nd period - Shot Misses the Net.
Goals for this period are 1 for Punishers vs 2 for Sewer Rats.
Shots for this period are 10 for Punishers vs 16 for Sewer Rats.
3rd period
0:01 of 3rd period - Petteri Nokelainen wins face-off versus Vincent Trocheck in neutral zone.
0:28 of 3rd period - Snap shot by Tanner Glass.
0:28 of 3rd period - Shot Misses the Net.
0:30 of 3rd period - Snap shot by Frazer Mclaren.
0:30 of 3rd period - Stopped by Brad Thiessen with a rebound.
0:32 of 3rd period - Slapshot by Matt Mackenzie.
0:32 of 3rd period - Shot Blocked by Vincent Trocheck.
0:34 of 3rd period - Snap shot by Tanner Glass.
0:34 of 3rd period - Shot Misses the Net.
0:36 of 3rd period - Snap shot by Tanner Glass.
0:36 of 3rd period - Stopped by Brad Thiessen with a rebound.
0:38 of 3rd period - Wrist shot by Tanner Glass.
0:38 of 3rd period - Shot Misses the Net.
1:06 of 3rd period - Matt Lashoff is hit by Luke Adam and loses puck.
1:27 of 3rd period - Minor Penalty to Mattias Ekholm for Hooking.
1:28 of 3rd period - Mike Blunden wins face-off versus Mark Mancari in Sewer Rats zone.
2:03 of 3rd period - Steven Kampfer is hit by Petteri Nokelainen and loses puck.
3:12 of 3rd period - Icing by Matt Mackenzie.
3:13 of 3rd period - Petteri Nokelainen wins face-off versus Jared Boll in Punishers zone.
3:27 of 3rd period - Penalty to Mattias Ekholm is over, Mattias Ekholm is back on ice.
3:27 of 3rd period - Kyle Quincey is hit by Simon Despres and loses puck.
3:40 of 3rd period - Wrist shot by Mike Blunden.
3:40 of 3rd period - Stopped by Brad Thiessen with a rebound.
3:42 of 3rd period - Slapshot by Petteri Nokelainen.
3:42 of 3rd period - Shot Misses the Net.
3:58 of 3rd period - Wrist shot by Petteri Nokelainen.
3:58 of 3rd period - Shot Misses the Net.
4:00 of 3rd period - Slapshot by Matt Mackenzie.
4:00 of 3rd period - Shot Blocked by Joel Edmundson.
4:16 of 3rd period - Snap shot by Mike Blunden.
4:16 of 3rd period - Stopped by Brad Thiessen with a rebound.
4:39 of 3rd period - Snap shot by Radek Smolenak.
4:39 of 3rd period - Stopped by Brad Thiessen with a rebound.
4:41 of 3rd period - Wrist shot by Radek Smolenak.
4:41 of 3rd period - Shot Blocked by Mark Mancari.
4:43 of 3rd period - Slapshot by Matt Mackenzie.
4:43 of 3rd period - Stopped by Brad Thiessen without a rebound.
4:44 of 3rd period - William Karlsson wins face-off versus Luke Adam in Sewer Rats zone.
5:11 of 3rd period - Ondrej Palat is hit by Steven Kampfer and loses puck.
5:28 of 3rd period - Minor Penalty to Ryan Murphy for Holding Stick.
5:29 of 3rd period - Jared Boll wins face-off versus Luke Adam in Sewer Rats zone.
6:56 of 3rd period - Kris Chucko is hit by Vojtech Polak and loses puck.
7:28 of 3rd period - Penalty to Ryan Murphy is over, Ryan Murphy is back on ice.
7:49 of 3rd period - Joel Edmundson is hit by Ondrej Palat.
8:01 of 3rd period - Dylan DeMelo is hit by Jonathan Marchessault and loses puck.
9:10 of 3rd period - Tanner Glass is hit by Ville Leino and loses puck.
9:17 of 3rd period - John Ramage is hit by Tanner Glass and loses puck.
9:18 of 3rd period - John Ramage from Sewer Rats is injured at 9:18 of 3rd period (Torn Left ACL).
9:19 of 3rd period - Petteri Nokelainen wins face-off versus Jonathan Marchessault in Sewer Rats zone.
9:27 of 3rd period - Icing by Mark Mancari.
9:28 of 3rd period - Petteri Nokelainen wins face-off versus Jonathan Marchessault in Sewer Rats zone.
9:29 of 3rd period - Snap shot by Kris Chucko.
9:29 of 3rd period - Shot Misses the Net.
9:37 of 3rd period - Snap shot by Mark Mancari.
9:37 of 3rd period - Shot Misses the Net.
9:41 of 3rd period - Slapshot by Jonathan Marchessault.
9:41 of 3rd period - Deflect By Mark Mancari.
9:41 of 3rd period - Shot Blocked by Mike Sauer.
9:41 of 3rd period - Puck is out of play.
9:42 of 3rd period - Vincent Trocheck wins face-off versus Petteri Nokelainen in Punishers zone.
9:51 of 3rd period - Slapshot by Adam McQuaid.
9:51 of 3rd period - Shot Hit the Post.
9:53 of 3rd period - Wrist shot by Mike Blunden.
9:53 of 3rd period - Shot Misses the Net.
10:09 of 3rd period - Mike Sauer is hit by Jonathan Marchessault and loses puck.
10:46 of 3rd period - Vojtech Polak is hit by Quinton Howden.
10:50 of 3rd period - Slapshot by Matt Lashoff.
10:50 of 3rd period - Shot Misses the Net.
10:52 of 3rd period - Wrist shot by Jonathan Marchessault.
10:52 of 3rd period - Shot Blocked by Adam McQuaid.
10:52 of 3rd period - Adam McQuaid from Punishers is injured at 10:52 of 3rd period (Strained Left Knee).
10:53 of 3rd period - Vincent Trocheck wins face-off versus Petteri Nokelainen in Punishers zone.
11:29 of 3rd period - Slapshot by Matt Lashoff.
11:29 of 3rd period - Stopped by Niklas Svedberg with a rebound.
11:31 of 3rd period - Slapshot by Patrick Bordeleau.
11:31 of 3rd period - Shot Blocked by Mike Blunden.
11:38 of 3rd period - Icing by Simon Despres.
11:39 of 3rd period - Luke Adam wins face-off versus Jonathan Marchessault in Punishers zone.
13:29 of 3rd period - Snap shot by Derek Dorsett.
13:29 of 3rd period - Shot Misses the Net.
13:43 of 3rd period - Patrick Bordeleau is hit by Simon Despres and loses puck.
14:00 of 3rd period - Off-side.
14:01 of 3rd period - Jonathan Marchessault wins face-off versus Petteri Nokelainen in neutral zone.
14:06 of 3rd period - Wrist shot by Jonathan Marchessault.
14:06 of 3rd period - Stopped by Niklas Svedberg without a rebound.
14:07 of 3rd period - Jonathan Marchessault wins face-off versus Petteri Nokelainen in Punishers zone.
14:18 of 3rd period - Wrist shot by Mark Mancari.
14:18 of 3rd period - Shot Blocked by Dylan DeMelo.
14:20 of 3rd period - Wrist shot by Jonathan Marchessault.
14:20 of 3rd period - Stopped by Niklas Svedberg with a rebound.
14:22 of 3rd period - Slapshot by Jonathan Marchessault.
14:22 of 3rd period - Shot Blocked by Mike Sauer.
15:08 of 3rd period - Ville Leino is hit by Miikka Salomaki.
15:51 of 3rd period - Tanner Glass is hit by Evan Brophey and loses puck.
16:00 of 3rd period - Slapshot by Evan Brophey.
16:00 of 3rd period - Shot Blocked by Mike Sauer.
16:30 of 3rd period - Mike Sauer is hit by William Karlsson and loses puck.
16:57 of 3rd period - Minor Penalty to Michael Ferland for Hooking.
16:58 of 3rd period - Kris Chucko wins face-off versus Vincent Trocheck in Punishers zone.
18:57 of 3rd period - Penalty to Michael Ferland is over, Michael Ferland is back on ice.
19:06 of 3rd period - Sewer Rats, Brad Thiessen is pulled from the net.
19:08 of 3rd period - Wrist shot by Daniel Carr.
19:08 of 3rd period - Deflect By William Karlsson.
19:08 of 3rd period - Shot Misses the Net.
19:08 of 3rd period - Puck is out of play.
19:09 of 3rd period - Brent Sutter call a timeout for Sewer Rats.
19:09 of 3rd period - Petteri Nokelainen wins face-off versus Tom Sestito in Punishers zone.
19:32 of 3rd period - Slapshot by Petteri Nokelainen.
19:32 of 3rd period - Deflect By Kris Chucko.
19:32 of 3rd period - Shot Blocked by William Karlsson.
19:32 of 3rd period - Puck is out of play.
19:33 of 3rd period - Brad Thiessen from Sewer Rats was sent back in the game.
19:33 of 3rd period - Kris Chucko wins face-off versus Tom Sestito in Sewer Rats zone.
19:34 of 3rd period - Wrist shot by Petteri Nokelainen.
19:34 of 3rd period - Goal by Petteri Nokelainen - Punishers : 4 - Sewer Rats : 2.
19:35 of 3rd period - William Karlsson wins face-off versus Brandon McMillan in neutral zone.
19:38 of 3rd period - Wrist shot by Derek Dorsett.
19:38 of 3rd period - Stopped by Niklas Svedberg with a rebound.
Goals for this period are 1 for Punishers vs 0 for Sewer Rats.
Shots for this period are 7 for Punishers vs 4 for Sewer Rats.
Back to the Top